 Dungeon Sprint DCSS version 0.31-a0-656-gb4d89c20fa (webtiles) character file.

Game seed: 17483401538436019239

8470 fingers the Fighter (level 11, -5/110 HPs)
             Began as a Ghoul Monk on Aug 30, 2023.
             Was the Champion of Lugonu.
             Slain by a wolf spider (11 damage)
             ... summoned by a broodmother
             ... in the Dungeon (Sprint V: "Ziggurat Sprint").
             The game lasted 00:05:37 (526 turns).

fingers the Fighter (Ghoul Monk)                     Turns: 526, Time: 00:05:39

Health: -5/110     AC: 19    Str: 26    XL:     11   Next: 31%
Magic:  11/11      EV: 15    Int:  5    God:    Lugonu [******]
Gold:   0          SH: 30    Dex: 11    Spells: 10/10 levels left

rFire   . . .        B - +6 shillelagh "Devastator" {shatter}
rCold   + . .        A - +18 shield of the Gong {Loud rN+ Will+ rCorr EV-5}
rNeg    + + +        c - +15 Maxwell's patent armour {-Cast -Tele rElec Will+ rCorr}
rPois   ∞            (no helmet)
rElec   +            (no cloak)
rCorr   +            (no gloves)
SInv    .            (no boots)
Will    ++...        M - amulet of the acrobat Stlth
                     w - +6 ring of strength
HPRegen 0.00/turn    T - ring of the Hare {EV+10}
MPRegen 0.12/turn

%: no teleportation, no spellcasting, acrobat
@: spiked, corroded, inhibited regen
A: claws 1, cold resistance 1, negative energy resistance 3, inhibited
regeneration, torment resistance 2, devour on kill
a: Renounce Religion, Banish, Corrupt, Brand Weapon With Distortion


You were in the Dungeon.
You worshipped Lugonu.
Lugonu was exalted by your worship.
You visited 1 branch

Inventory:

Hand Weapons
 B - the +6 shillelagh "Devastator" (weapon) {shatter}
   (You found it in the Dungeon)
 C - the +9 sword of Zonguldrok {reap}
   (You found it in the Dungeon)
 O - the +6 arbalest "Damnation" {damnation}
   (You found it in the Dungeon)
Armour
 a - a +0 robe
 c - the +15 Maxwell's patent armour (worn) {-Cast -Tele rElec Will+ rCorr}
   (You found it in the Dungeon)

   rElec:     It insulates you from electricity.
   Will+:     It increases your willpower.
   -Cast:     It prevents spellcasting.
   -Tele:     It prevents most forms of teleportation.
   rCorr:     It protects you from acid and corrosion.
 A - the +18 shield of the Gong (worn) {Loud rN+ Will+ rCorr EV-5}
   (You found it in the Dungeon)

   Loud:      It is deafeningly noisy when blocking attacks.
   EV-5:      It affects your evasion (-5).
   rN+:       It protects you from negative energy.
   Will+:     It increases your willpower.
   rCorr:     It protects you from acid and corrosion.
Magical Staves
 D - a staff of earth
Jewellery
 r - a ring of flight
 s - a +6 ring of dexterity
 t - a +6 ring of dexterity
 u - a +6 ring of intelligence
 v - a +6 ring of intelligence
 w - a +6 ring of strength (left claw)
 x - a +6 ring of strength
 F - a ring of see invisible
 I - a ring of wizardry
 L - a +6 ring of strength
 M - an amulet of the acrobat (around neck)
 N - the ring "Miopown" {rPois rF+ rC+++ Str-2 Stlth-}
   (You found it in the Dungeon)

   [ring of protection from fire]

   Str-2:     It affects your strength (-2).
   rF+:       It protects you from fire.
   rC+++:     It renders you almost immune to cold.
   rPois:     It protects you from poison Stlth-: It makes you less stealthy.
 R - a ring of resist corrosion
 S - the amulet "Ecoske" {Faith rF++}
   (You found it in the Dungeon)

   [amulet of faith]

   Faith:     It allows you to gain divine favour quickly.
   rF++:      It greatly protects you from fire.
 T - the ring of the Hare (right claw) {EV+10}
   (You found it in the Dungeon)

   [ring of evasion]

   EV+10:     It affects your evasion (+10).
 U - the ring "Ywkeocvoeq" {rPois rF+ MP+9}
   (You found it in the Dungeon)

   [ring of magical power]

   rF+:       It protects you from fire.
   rPois:     It protects you from poison MP+9: It affects your magic capacity
   (+9).
Wands
 y - a wand of mindburst (7)
 z - a wand of acid (5)
 E - a wand of polymorph (4)
 K - a wand of flame (11)
 P - a wand of paralysis (5)
 Q - a wand of roots (10)
Scrolls
 h - 4 scrolls of blinking
 n - 4 scrolls of amnesia
 o - 7 scrolls of fog
 p - 5 scrolls of identify
 q - a scroll of fear
 J - 2 scrolls of brand weapon
Potions
 b - a potion of ambrosia
 d - 10 potions of curing
 e - 3 potions of heal wounds
 f - 10 potions of haste
 g - 7 potions of magic
 i - a potion of brilliance
 j - 2 potions of invisibility
 k - 4 potions of resistance
 l - a potion of experience
 m - 3 potions of might
Miscellaneous
 G - a condenser vane
 H - a lightning rod (4/4) (quivered)


   Skills:
 + Level 14.2 Fighting
 + Level 8.9 Maces & Flails
 + Level 6.4 Armour
 + Level 10.4 Dodging
 + Level 12.8 Shields
 + Level 11.9 Unarmed Combat
 + Level 2.6 Invocations
 + Level 4.9 Evocations


You had 10 spell levels left.
You didn't know any spells.
Your spell library contained the following spells:

 Spells                   Type           Power      Damage    Failure   Level
 Ensorcelled Hibernation  Hex/Ice        0%         N/A       100%        2
 Call Canine Familiar     Summ           0%         N/A       100%        3
 Inner Flame              Hex/Fire       0%         N/A       100%        3
 Summon Guardian Golem    Hex/Summ       0%         N/A       100%        3
 Borgnjor's Vile Clutch   Necr/Erth      0%         N/A       100%        5
 Yara's Violent Unravell  Hex/Tmut       0%         3d3       100%        5
 Conjure Ball Lightning   Conj/Air       0%         3x3d6     100%        6
 Summon Cactus Giant      Summ           0%         N/A       100%        6
 Enfeeble                 Hex            0%         N/A       100%        7
 Spellforged Servitor     Conj/Summ      0%         N/A       100%        7
 Discord                  Hex            0%         N/A       100%        8
 Disjunction              Tloc           0%         N/A       100%        8
 Summon Horrible Things   Summ           0%         N/A       100%        8
 Polar Vortex             Ice            0%         N/A       100%        9


Dungeon Overview and Level Annotations

Branches:
Dungeon (1/1)

Altars:
Ashenzari
Cheibriados
Dithmenos
Fedhas
Gozag
Hepliaklqana
Kikubaaqudgha
Makhleb
Nemelex Xobeh
Okawaru
Qazlal
Ru
Sif Muna
Trog
Uskayaw
Vehumet
Wu Jian
Xom
Yredelemnul
Jiyva
Lugonu

Annotations:
D 1 transporter


Innate Abilities, Weirdness & Mutations

You are immune to poison.
You have sharp fingernails.
Your flesh is cold resistant. (rC+)
You are immune to negative energy. (rN+++)
You do not regenerate when monsters are visible.
You are immune to unholy pain and torment.
You thrive by killing the living.


Message History

The culicivora is severely wounded.
The demonic crawler is severely wounded.
The pharaoh ant closely misses you. The wolf spider closely misses you.
The wolf spider bites you.
* * * LOW HITPOINT WARNING * * *
You block the redback's attack.
BONNNG!
You block the spark wasp's attack.
GONNNNG!
The demonic crawler closely misses you. You block the demonic crawler's attack.
GONNNNG!
The demonic crawler closely misses you.
The demonic crawler hits you but does no damage.
The demonic crawler barely misses you. The demonic crawler hits you.
* * * LOW HITPOINT WARNING * * *
You block the broodmother's attack.
GONNNNG!
The steelbarb worm closely misses you.
The culicivora bites the demonic crawler!
The demonic crawler is killed!
Lugonu accepts your kill.
The wolf spider is engulfed in blazing flames.
The pharaoh ant misses you. The wolf spider misses you.
You block the wolf spider's attack.
BOUMMMMG!
The redback bites you.
* * * LOW HITPOINT WARNING * * *
You feel your intelligence returning.
You hit the wolf spider but do no damage.
The wolf spider is moderately wounded.
You block the spark wasp's attack.
SHROANNG!
You block the demonic crawler's attack.
BONNNG!
You block the demonic crawler's attack.
GONNNNG!
You block the demonic crawler's attack.
BONNNG!
The wolf spider hits you!
You die...

▓▓▓▓▓▓▓▓▓▓▓▓▓▓▓▓▓▓▓
▓...8©8...▓...8©8...▓
▓../):"=..▓..[.||)..▓
▓..§§§"[..▓...).[...▓
▓.§§.§.§§.▓.........▓
▓..§§s§§..▓.........▓
▓.....☼§..▓.........▓
▓..Bssw...▓.........▓
▓..ss@y...▓.........▓
▓...Bss...▓....©....▓
▓...s©....▓▓▓▓▓▓▓▓▓▓▓
▓▓▓▓▓▓▓▓▓▓▓


You could see a broodmother (soul bound), an entropy weaver (soul bound,
poisoned), a steelbarb worm (soul bound), a spark wasp (soul bound, poisoned), a
demonic crawler, 3 wolf spiders, a culicivora (soul bound, confused, very
poisoned), a pharaoh ant and 2 redbacks.

Vanquished Creatures
  A mummy priest (D)
  2 dancing weapons (D)
  A demonic crawler (D)
  A pharaoh ant (D)
  2 deep elf zephyrmancers (D)
  A worldbinder (D)
  A komodo dragon (D)
  3 guardian mummies (D)
  A polar bear (D)
  2 hornets (D)
  A tarantella (D)
  A jumping spider (D)
  5 spriggans (D)
  A fire elemental (D)
  A ynoxinul (D)
  A basilisk (D)
  A neqoxec (D)
  4 water moccasins (D)
  2 wolves (D)
  A scorpion (D)
  2 bullfrogs (D)
  An earth elemental (D)
  2 crimson imps (D)
  2 quasits (D)
  4 iguanas (D)
  3 mummies (D)
  An adder (D)
  A river rat (D)
  An ufetubus (D)
  4 jackals (D)
  2 ball pythons (D)
56 creatures vanquished.

Vanquished Creatures (others)
  An ice beast (D)
1 creature vanquished.

Grand Total: 57 creatures vanquished

Notes
Turn   | Place    | Note
-------+----------+-------------------------------------------
     0 | D        | fingers the Ghoul Monk began the quest for the Orb.
     0 | D        | Reached XP level 1. HP: 19/19 MP: 0/0
     0 | D        | Found a shimmering blue altar of Sif Muna.
     0 | D        | Found a bloodstained altar of Trog.
     0 | D        | Found a sacrificial altar of Ru.
     0 | D        | Found a stormy altar of Qazlal.
     0 | D        | Found an iron altar of Okawaru.
     1 | D        | Found a sparkling altar of Nemelex Xobeh.
     1 | D        | Found a blossoming altar of Fedhas.
     1 | D        | Found the +6 Majin-Bo {spellvamp, MP+6 Int+6}
     1 | D        | Found the +27 heavy crossbow "Sniper" {heavy, Acc+∞ SInv}
     1 | D        | Found the +10 dark maul {heavy}
     1 | D        | Found the +15 Maxwell's patent armour {-Cast -Tele rElec
                  | Will+ rCorr}
     1 | D        | Found the +18 shield of the Gong {Loud rN+ Will+ rCorr
                  | EV-5}
     1 | D        | Found the +16 obsidian axe {drain, demonic, Mesm Drain Fly
                  | SInv}
     1 | D        | Found the +7 great mace "Firestarter" {flame, immolate,
                  | rFlCloud rF++}
     1 | D        | Found the +6 shillelagh "Devastator" {shatter}
     1 | D        | Found the +11 plutonium sword {Contam Stlth-}
     1 | D        | Found the +8 lance "Wyrmbane" {slay drac, rPois rF+ rC+
                  | AC+3}
     1 | D        | Found the +9 sword of Zonguldrok {reap}
     1 | D        | Found the +13 scythe of Curses {drain, curses, Drain}
     1 | D        | Found the +9 sword of Power {lifebolt}
     1 | D        | Found the +7 mace of Variability {chaos, chaos arc}
     1 | D        | Found the +11 Singing Sword {sonic wave}
     1 | D        | Found the +8 storm bow {elec, penet}
     3 | D        | Found a transporter.
     3 | D        | Found an ancient bone altar of Kikubaaqudgha.
     3 | D        | Found a viscous altar of Jiyva.
     3 | D        | Found a corrupted altar of Lugonu.
     3 | D        | Found a hazy altar of Hepliaklqana.
     3 | D        | Found a burning altar of Makhleb.
     3 | D        | Found an opulent altar of Gozag.
    78 | D        | Became a worshipper of Lugonu the Unformed
    78 | D        | Reached * piety under Lugonu
    78 | D        | Reached ** piety under Lugonu
    85 | D        | Entered arena 2.
    85 | D        | Found a transporter.
    89 | D        | Reached skill level 4 in Fighting
    89 | D        | Reached XP level 2. HP: 27/27 MP: 1/1
    98 | D        | Entered arena 3.
    98 | D        | Noticed a scorpion
    98 | D        | Noticed a tarantella
    98 | D        | Noticed a jumping spider
    98 | D        | Found a transporter.
   102 | D        | Killed a tarantella
   103 | D        | Reached skill level 7 in Fighting
   103 | D        | Reached skill level 1 in Maces & Flails
   103 | D        | Reached XP level 3. HP: 29/40 MP: 2/2
   103 | D        | Reached XP level 4. HP: 35/48 MP: 3/3
   103 | D        | Reached XP level 5. HP: 38/53 MP: 4/4
   103 | D        | Reached *** piety under Lugonu
   104 | D        | Reached skill level 8 in Fighting
   104 | D        | Reached XP level 6. HP: 50/62 MP: 5/5
   104 | D        | Killed a jumping spider
   105 | D        | Reached skill level 9 in Fighting
   105 | D        | Reached skill level 1 in Armour
   112 | D        | Entered arena 4.
   112 | D        | Noticed a water moccasin
   112 | D        | Noticed a water moccasin
   112 | D        | Noticed a water moccasin
   112 | D        | Found a transporter.
   119 | D        | Killed a water moccasin
   120 | D        | Reached XP level 7. HP: 60/71 MP: 6/6
   124 | D        | Reached skill level 10 in Fighting
   124 | D        | Reached skill level 1 in Evocations
   124 | D        | Reached **** piety under Lugonu
   125 | D        | Reached skill level 10 in Unarmed Combat
   133 | D        | Entered arena 5.
   133 | D        | Found a transporter.
   151 | D        | Entered arena 6.
   151 | D        | Found a transporter.
   152 | D        | Reached ***** piety under Lugonu
   153 | D        | Reached skill level 11 in Fighting
   153 | D        | Reached XP level 8. HP: 82/82 MP: 7/7
   162 | D        | Entered arena 7.
   162 | D        | Noticed a spriggan rider
   162 | D        | Noticed a spriggan rider
   162 | D        | Noticed a spriggan
   162 | D        | Noticed a spriggan
   162 | D        | Noticed a spriggan
   163 | D        | Found a transporter.
   165 | D        | Killed a spriggan
   168 | D        | Killed a spriggan
   170 | D        | Killed a spriggan
   171 | D        | Reached skill level 12 in Fighting
   171 | D        | Reached skill level 5 in Shields
   171 | D        | Killed a hornet
   172 | D        | Reached XP level 9. HP: 52/90 MP: 8/8
   183 | D        | Reached ****** piety under Lugonu
   186 | D        | Killed a hornet
   187 | D        | Reached skill level 10 in Dodging
   195 | D        | Got the Collected Works on the Chilled Crater
   201 | D        | Entered arena 8.
   201 | D        | Found the +6 arbalest "Damnation" {damnation}
   201 | D        | Noticed a deep elf zephyrmancer
   201 | D        | Noticed a +2 battleaxe of freezing
   201 | D        | Noticed a +1 trident of venom
   201 | D        | Noticed a deep elf zephyrmancer
   207 | D        | Found a transporter.
   208 | D        | Killed a deep elf zephyrmancer
   213 | D        | Killed a +1 trident of venom
   214 | D        | Reached skill level 13 in Fighting
   214 | D        | Reached skill level 5 in Maces & Flails
   214 | D        | Killed a +2 battleaxe of freezing
   215 | D        | Reached XP level 10. HP: 51/101 MP: 9/9
   226 | D        | Killed a deep elf zephyrmancer
   235 | D        | Got the ring "Miopown" {rPois rF+ rC+++ Str-2 Stlth-}
   241 | D        | Entered arena 9.
   257 | D        | Reached skill level 10 in Shields
   263 | D        | Reached skill level 5 in Armour
   263 | D        | Found a transporter.
   288 | D        | Entered arena 10.
   288 | D        | Noticed a mummy priest
   290 | D        | Found a transporter.
   296 | D        | Reached skill level 1 in Invocations
   301 | D        | Killed a mummy priest
   302 | D        | Reached XP level 11. HP: 94/108 MP: 5/11
   348 | D        | Got Sif Muna's Tractate on Mustering
   353 | D        | Got the Anthology of Attendants
   362 | D        | Entered arena 11.
   362 | D        | Found the ring of the Hare {EV+10}
   362 | D        | Noticed a worldbinder
   364 | D        | Noticed a deep elf zephyrmancer
   364 | D        | Noticed a deep elf zephyrmancer
   364 | D        | Found a transporter.
   369 | D        | Noticed a deep elf knight
   369 | D        | Noticed a deep elf zephyrmancer
   373 | D        | Lost intelligence.
   377 | D        | Noticed a deep elf knight
   377 | D        | Noticed a deep elf knight
   377 | D        | Noticed a deep elf zephyrmancer
   381 | D        | Noticed a deep elf pyromancer
   381 | D        | Killed a worldbinder
   382 | D        | Reached skill level 14 in Fighting
   495 | D        | Got the amulet "Ecoske" {Faith rF++}
   507 | D        | Got the ring "Ywkeocvoeq" {rPois rF+ MP+9}
   514 | D        | Entered arena 12.
   514 | D        | Found the dreamshard necklace {Acrobat *Dream}
   514 | D        | Noticed a demonic crawler
   514 | D        | Noticed a broodmother
   514 | D        | Noticed a demonic crawler
   514 | D        | Noticed a pharaoh ant
   514 | D        | Noticed a steelbarb worm
   514 | D        | Noticed a spark wasp
   514 | D        | Noticed an entropy weaver
   516 | D        | Noticed an orb spider
   516 | D        | Noticed a pharaoh ant
   516 | D        | Noticed a wolf spider
   517 | D        | Found a transporter.
   521 | D        | Noticed a wolf spider
   521 | D        | Killed a pharaoh ant
   525 | D        | Noticed a wolf spider
   525 | D        | Killed a demonic crawler
   526 | D        | Slain by a wolf spider

Illustrated notes

Levels and vault maps discovered:
D:        sprint_v [room_start, room_1, room_2, room_3, room_4, room_5, room_6,
          room_7, room_8, room_9, room_10, room_11, room_12, room_13, room_14,
          room_15, room_16, room_17, room_18, room_19, room_20, room_21,
          room_22, room_23, room_24, room_25, room_26, room_27]

Skill      XL: |  1  2  3  4  5  6  7  8  9 10 11 |
---------------+----------------------------------+-----
Fighting       | 4 7 8 9 11 12 13 14 | 14.2
Dodging        | 3 6 7 8 9 10 | 10.4
Unarmed Combat | 4 7 9 10 11 | 11.9
Maces & Flails | 1 2 3 6 8 |  8.9
Shields        | 2 3 4 5 9 11 12 | 12.8
Armour         | 1 2 4 5 6 |  6.4
Evocations     | 1 2 3 4 |  4.9
Invocations    | 1 2 |  2.6

Action                     |  1- 3 |  4- 6 |  7- 9 | 10-12 || total
---------------------------+-------+-------+-------+-------++-------
  Melee: Shillelagh        |     3 |     3 |    32 |    40 ||    78
 Invoke: Banish            |       |       |       |     1 ||     1
  Evoke: Wand              |     2 |       |       |       ||     2
         Lightning rod     |       |       |     3 |     2 ||     5
         Condenser vane    |       |       |     3 |     3 ||     6
    Use: Potion            |       |     1 |     4 |     5 ||    10
         Scroll            |       |     1 |       |       ||     1
 Armour: Plate armour      |     3 |     2 |    15 |    84 ||   104
  Dodge: Dodged            |       |     1 |     5 |    40 ||    46
  Block: Kite shield       |    12 |     4 |    65 |   141 ||   222

Table legend: (Time is in decaauts)
 A = Elapsed time spent in this place.
 B = Non-inter-level travel time spent in this place.
 C = Inter-level travel time spent in this place.
 D = Time resting spent in this place.
 E = Time spent auto-exploring this place.
 F = Levels seen in this place.
 G = Mean time per level.
                   A        B        C        D        E       F      G
               +--------+--------+--------+--------+--------+-----+--------+
         Total |    544 |    544 |      0 |      0 |    181 |   1 |  544.0 |
       Dungeon |    544 |    544 |      0 |      0 |    181 |   1 |  544.0 |
               +--------+--------+--------+--------+--------+-----+--------+

Top non-repeatable levels by time:
       D: 544 daAuts
